 Dungeon Crawl Stone Soup version 0.19-a0-414-g76fec5b (webtiles) character file.

2636 Hipnos the Geomancer (level 9, -9/47 HPs)
             Began as a Gargoyle Earth Elementalist on May 31, 2016.
             Was an Initiate of Vehumet.
             Mangled by Erolcha
             ... wielding a +0 giant spiked club
              (18 damage)
             ... on level 8 of the Dungeon.
             The game lasted 00:37:58 (8016 turns).

Hipnos the Geomancer (Gargoyle Earth Elementalist)  Turns: 8016, Time: 00:37:58

Health: -9/47      AC: 20    Str: 11 (12) XL:     9   Next: 61%
Magic:  2/17       EV: 11    Int: 26      God:    Vehumet [......]
Gold:   410        SH:  0    Dex:  9 (10) Spells: 5 memorised, 6 levels left

rFire  . . .     SeeInvis .     i - +0 whip
rCold  . . .     Gourm    .     K - +3 ring mail of the Bouncing Ghosts {Int+2}
rNeg   + . .     Faith    .     (no shield)
rPois  ∞         Spirit   .     n - +0 helmet
rElec  +         Dismiss  .     w - +2 cloak
rCorr  .         Reflect  .     (no gloves)
SustAt +         Harm     .     (no boots)
MR     .....     Clarity  +     (no amulet)
Stlth  +.........               (no ring)
                                f - ring of sustain attributes

@: brilliant, not resistant to hostile enchantments, very unstealthy
A: thin metallic scales 1, blurry vision 3, clarity, low mp 1, negative energy
resistance 1, electricity resistance, unbreathing, petrification resistance, rot
immunity, AC +5
a: Renounce Religion


You were on level 8 of the Dungeon.
You worshipped Vehumet.
Vehumet was noncommittal.
You were hungry.

You visited 2 branches of the dungeon, and saw 9 of its levels.

You collected 410 gold pieces.

Inventory:

Hand Weapons
 i - a +0 whip (weapon)
Missiles
 b - 238 stones (quivered)
 N - 4 tomahawks of returning
Armour
 e - a +0 robe
 n - a +0 helmet (worn)
 o - a +0 leather armour
 v - a +0 shield
 w - a +2 cloak (worn)
 K - the +3 ring mail of the Bouncing Ghosts (worn) {Int+2}
   (You found it on level 7 of the Dungeon)

   It affects your intelligence (+2).
Magical Staves
 A - an uncursed staff of conjuration {unknown}
 L - an uncursed staff of energy {unknown}
Jewellery
 f - a ring of sustain attributes (left hand)
 E - an uncursed ring of sustain attributes
Wands
 x - a wand of slowing (39/48)
 H - a wand of slowing (18/48)
Scrolls
 a - 3 scrolls of enchant armour
 g - 2 scrolls of enchant weapon {unknown}
 h - 4 scrolls of identify
 k - a scroll of noise {unknown}
 l - 2 scrolls of fear {unknown}
 m - 2 scrolls of teleportation
 q - 5 scrolls of remove curse
 r - a scroll of acquirement {unknown}
 s - a scroll of fog {unknown}
 u - 3 scrolls of magic mapping
 y - a scroll of amnesia {unknown}
 F - a scroll of brand weapon {unknown}
 J - a scroll of recharging {unknown}
Potions
 j - a potion of lignification
 B - 2 potions of curing
Books
 c - a book of Geomancy

   Spells                             Type                      Level
   a - Sandblast                      Earth                        1
   b - Passwall                       Transmutation/Earth          2
   c - Stone Arrow                    Conjuration/Earth            3
   d - Petrify                        Transmutation/Earth          4
   e - Lee's Rapid Deconstruction     Earth                        5
 D - a book of Minor Magic

   Spells                             Type                      Level
   a - Magic Dart                     Conjuration                  1
   b - Blink                          Translocation                2
   c - Call Imp                       Summoning                    2
   d - Repel Missiles                 Charms/Air                   2
   e - Slow                           Hexes                        2
   f - Conjure Flame                  Conjuration/Fire             3
   g - Mephitic Cloud                 Conjuration/Poison/Air       3
 G - a book of Ice

   Spells                             Type                      Level
   a - Ice Form                       Ice/Transmutation            4
   b - Metabolic Englaciation         Hexes/Ice                    5
   c - Ozocubu's Refrigeration        Ice                          6
   d - Bolt of Cold                   Conjuration/Ice              6
   e - Freezing Cloud                 Conjuration/Ice/Air          6
   f - Simulacrum                     Ice/Necromancy               6
Comestibles
 d - 4 bread rations
 p - 6 meat rations
 t - a beef jerky
 M - 2 chunks of flesh


   Skills:
 + Level 1.2 Fighting
 + Level 0.8 Maces & Flails
 + Level 3.0 Armour
 + Level 3.3 Dodging
 - Level 2.2 Stealth
 + Level 6.8 Spellcasting
 - Level 0.7 Transmutations
 * Level 11.4 Earth Magic


You had 6 spell levels left.
You knew the following spells:

 Your Spells              Type           Power        Failure   Level  Hunger
a - Sandblast             Erth           ######       1%          1    None
b - Passwall              Tmut/Erth      ######....   1%          2    None
c - Stone Arrow           Conj/Erth      ######       1%          3    None
d - Petrify               Tmut/Erth      ######..     1%          4    ###....
e - Lee's Rapid Deconstr  Erth           ######....   1%          5    #####..


Dungeon Overview and Level Annotations

Branches:
Dungeon (8/15)             Temple (1/1) D:4
   Lair: D:8-11

Altars:
Ashenzari
Cheibriados
Dithmenos
Elyvilon
Fedhas
Gozag
Hepliaklqana
Kikubaaqudgha
Makhleb
Nemelex Xobeh
Okawaru
Pakellas
Qazlal
Ru
Sif Muna
Trog
Uskayaw
Vehumet
Xom
Zin
The Shining One

Shops:
D:5 }

Annotations:
D:8 Erolcha


Innate Abilities, Weirdness & Mutations

You are resistant to torment.
Your stone body is resilient (AC +5).
You are immune to poison.
You resist negative energy. (rN+)
You are resistant to electric shocks. (rElec)
You can survive without breathing.
You are immune to petrification.
You are immune to rotting.
You are partially covered in thin metallic scales. (AC +2)
Scrolls take you much longer to read.
You possess an exceptional clarity of mind.
Your magical capacity is low. (-10% MP)


Message History

Your +2 cloak unmelds from your body.
Your +0 helmet unmelds from your body.
The +3 ring mail of the Bouncing Ghosts {Int+2} unmelds from your body.
Something hits you.
* * * LOW HITPOINT WARNING * * *
It was a potion of degeneration.
There was something very wrong with that liquid.
You feel somewhat weakened.
You feel dopey for a moment.
You feel somewhat clumsy. Something hits you.
* * * LOW HITPOINT WARNING * * *
It was a potion of brilliance.
You feel clever all of a sudden.
Casting: Lee's Rapid Deconstruction
Confirm with . or Enter, or press ? or * to list all spells.
Okay, then.
Your ring mail of the Bouncing Ghosts prevents you from hitting something.
Something barely misses you.
You barely miss something. Something hits you!!
You die...

#.....# #........
#.....# #........
#.....# #........
####..# ########+
##>#############
#.
#.##..........###.
#Y##..............
#{##..........####
#@##..........#
#.##.........(#
#.###'#########
#.# #.# #.# #.#
#.# #.# #.# #.#
#.# #)# #.###)#


You could see a sky beast.

Vanquished Creatures
  A cyclops (D:7)
  Duvessa (D:4)
  A sky beast (D:5)
  A wasp (D:7)
  An orc warrior (D:7)
  A phantom (D:6)
  3 centaurs
  4 ogres
  Dowan (D:4)
  2 scorpions
  3 killer bees (D:8)
  2 howler monkeys
  3 crimson imps
  3 hounds
  An orc priest (D:3)
  A giant frog skeleton (D:7)
  4 orc wizards
  Natasha (thrice) (D:4 D:6)
  3 iguanas
  4 worker ants
  Robin (D:2)
  6 adders
  4 river rats (D:4)
  A white imp (D:5)
  4 worms
  A dart slug (D:1)
  8 giant geckos
  14 orcs
  8 ball pythons
  4 giant cockroaches
  12 goblins
  14 hobgoblins
  12 jackals
  8 kobolds
  4 quokkas
  9 bats
  7 giant newts
  A quokka skeleton (D:5)
  14 rats
175 creatures vanquished.

Vanquished Creatures (others)
  A hobgoblin (D:1)
  3 jackals (D:1)
4 creatures vanquished.

Grand Total: 179 creatures vanquished

Notes
Turn   | Place    | Note
--------------------------------------------------------------
     0 | D:1      | Hipnos the Gargoyle Earth Elementalist began the quest for the Orb.
     0 | D:1      | Reached XP level 1. HP: 10/10 MP: 3/3
   356 | D:1      | Reached XP level 2. HP: 15/15 MP: 3/5
   449 | D:1      | Reached skill level 4 in Earth Magic
   805 | D:1      | Reached XP level 3. HP: 15/19 MP: 0/6
  1073 | D:1      | Learned a level 2 spell: Passwall
  1221 | D:2      | Found a burning altar of Makhleb.
  1222 | D:2      | Noticed Natasha
  1246 | D:1      | Learned a level 3 spell: Stone Arrow
  1377 | D:2      | Reached XP level 4. HP: 24/24 MP: 4/8
  1378 | D:2      | Noticed Robin
  1401 | D:2      | Killed Robin
  1568 | D:2      | Found a hazy altar of Hepliaklqana.
  1695 | D:2      | Found a faded altar of an unknown god.
  1844 | D:2      | Reached skill level 5 in Earth Magic
  2254 | D:3      | Found an iron altar of Okawaru.
  2384 | D:3      | Found a bloodstained altar of Trog.
  2527 | D:3      | Reached XP level 5. HP: 28/28 MP: 3/10
  2646 | D:3      | Found a snail-covered altar of Cheibriados.
  3039 | D:4      | Noticed Duvessa
  3040 | D:4      | Noticed Dowan
  3073 | D:4      | Killed Duvessa
  3073 | D:4      | Reached skill level 1 in Armour
  3073 | D:4      | Reached skill level 6 in Earth Magic
  3073 | D:4      | Reached XP level 6. HP: 11/33 MP: 0/11
  3166 | D:4      | HP: 2/49 [iguana (7)]
  3170 | D:4      | Reached skill level 1 in Fighting
  3939 | D:3      | Reached XP level 7. HP: 27/38 MP: 10/13
  4104 | D:4      | Killed Dowan
  4165 | D:4      | Killed Natasha
  4168 | D:4      | Reached skill level 7 in Earth Magic
  4255 | D:4      | Found a staircase to the Ecumenical Temple.
  4261 | Temple   | Entered the Ecumenical Temple
  4336 | D:4      | Found a stormy altar of Qazlal.
  4844 | D:5      | Entered Level 5 of the Dungeon
  4953 | D:5      | Reached XP level 8. HP: 43/43 MP: 11/15
  5162 | D:5      | Reached skill level 5 in Spellcasting
  5190 | D:5      | Found a shimmering altar of Xom.
  5219 | D:5      | Reached skill level 8 in Earth Magic
  5408 | D:5      | Gained mutation: Scrolls take you a little longer to read. [mutagenic meat]
  5409 | D:5      | Gained mutation: Scrolls take you longer to read. [mutagenic meat]
  5410 | D:5      | Gained mutation: You possess an exceptional clarity of mind. [mutagenic meat]
  5411 | D:5      | Gained mutation: Scrolls take you much longer to read. [mutagenic meat]
  5412 | D:5      | Gained mutation: Your magical capacity is low. (-10% MP) [mutagenic meat]
  5413 | D:5      | Gained mutation: You are partially covered in thin metallic scales. (AC +2) [mutagenic meat]
  5496 | D:5      | Found Zikutit's Gadget Shop.
  6351 | D:6      | Noticed Natasha
  6355 | D:6      | Killed Natasha
  6366 | D:6      | Reached skill level 9 in Earth Magic
  6474 | D:6      | Learned a level 4 spell: Petrify
  6480 | D:6      | Learned a level 5 spell: Lee's Rapid Deconstruction
  6788 | D:6      | Noticed Natasha
  6797 | D:6      | Killed Natasha
  6971 | D:7      | Found a radiant altar of Vehumet.
  6971 | D:7      | Found a stormy altar of Qazlal.
  6971 | D:7      | Found an opulent altar of Gozag.
  6975 | D:7      | Became a worshipper of Vehumet
  6984 | D:7      | Found a sacrificial altar of Ru.
  7042 | D:7      | Noticed a cyclops
  7090 | D:7      | Reached XP level 9. HP: 47/47 MP: 13/16
  7099 | D:7      | Reached skill level 10 in Earth Magic
  7130 | D:7      | Got a pitted ring mail
  7152 | D:7      | Identified the +3 ring mail of the Bouncing Ghosts {Int+2} (You found it on level 7 of the Dungeon)
  7251 | D:7      | Killed a cyclops
  7309 | D:7      | Reached skill level 11 in Earth Magic
  7985 | D:8      | Noticed Erolcha
  7994 | D:8      | Paralysed by something for 4 turns
  8002 | D:8      | Paralysed by something for 5 turns
  8009 | D:8      | HP: 3/70 [something (16)]
  8016 | D:8      | Mangled by Erolcha

Vault maps used:
D:1:      shiori_arrival_oz, st_stairs_8, minmay_shallow_snake_nest
D:2:      nicolae_overflow_crystal_walls, lemuel_doored_altar,
          ecumenical_altar_2, uniq_robin, uniq_natasha
D:3:      overflow_temple_1_default, okawaru_metal_pillars_1_2,
          trog_hazing_becter
D:4:      temple_green, portal_sewer_entry_e, first_bread,
          minmay_misc_feat_enclosed, grunt_qazlal_sundering, uniq_duvessa
D:5:      xom_teletrap_fun, serial_shops, shop, minmay_fire_ice_demons
D:6:      serial_glass, glass_columns_b, glass_columns_a
D:7:      nicolae_overflow_quartered_altars, serial_bayou_pond_a
D:8:      overflow_temple_1_default, hangedman_tree_tricks, minmay_three_doors,
          uniq_psyche, uniq_prince_ribbit1, uniq_grum, uniq_erolcha
Temple:   temple_eino_lava_12

Skill      XL: |  1  2  3  4  5  6  7  8  9 |
---------------+----------------------------+-----
Earth Magic    | 4 5 6 7 9 11 | 11.4
Dodging        | 2 3 |  3.3
Spellcasting   | 3 4 6 |  6.8
Armour         | 1 2 3 |  3.0
Fighting       | 1 |  1.2
Maces & Flails | |  0.8
Stealth        | |  2.2
Transmutations | |  0.7

Action                   |  1- 3 |  4- 6 |  7- 9 || total
-------------------------+-------+-------+-------++-------
Melee: Unarmed           |    25 |       |       ||    25
       Whip              |       |   137 |    23 ||   160
Throw: Stone             |       |       |     8 ||     8
 Cast: Sandblast         |    63 |   124 |   103 ||   290
       Stone Arrow       |       |     2 |    28 ||    30
       Lee's Rapid Decon |       |       |    16 ||    16
  Use: Scroll            |       |     6 |     1 ||     7
       Potion            |       |     4 |     6 ||    10
 Stab: Sleeping          |       |     2 |       ||     2
  Eat: Chunk             |     2 |     9 |    22 ||    33
       Beef jerky        |       |       |     1 ||     1
Armor: Robe              |    25 |       |       ||    25
       Leather armour    |     5 |   110 |    18 ||   133
       Skin              |       |     8 |     2 ||    10
       Ring mail         |       |       |    26 ||    26
Dodge: Dodged            |    75 |   142 |    74 ||   291
